 Dungeon Crawl Stone Soup version 0.23.2 (webtiles) character file.

Game seed: 634459830946912371

28896 Borgoz the Slicer (level 13, -4/111 HPs)
             Began as a Ghoul Gladiator on Apr 3, 2019.
             Was a Priest of Ashenzari.
             Slain by a spiny frog (12 damage)
             ... on level 3 of the Lair of Beasts.
             The game lasted 00:34:56 (21465 turns).

Borgoz the Slicer (Ghoul Gladiator)                Turns: 21465, Time: 00:34:57

Health: -4/111     AC: 13    Str: 19    XL:     13   Next: 41%
Magic:  15/15      EV: 17    Int:  4    God:    Ashenzari [***...]
Gold:   376        SH:  0    Dex: 16    Spells: 12/12 levels left

rFire    . . .     SeeInvis +   a - +1 short sword (venom)
rCold    + + .     Gourm    .   (no shield)
rNeg     + + +     Faith    .   i - +2 scale mail {rC+}
rPois    ∞         Spirit   .   s - +0 hat {SInv}
rElec    .         Reflect  .   I - +0 cloak
rCorr    +         Harm     .   u - +0 pair of gloves
MR       .....                  (no boots)
Stlth    +++.......             (no amulet)
HPRegen  0.00/turn              J - ring of resist corrosion
MPRegen  0.14/turn              y - +3 ring of dexterity

@: rotting, studying 2 skills, invisible
A: rotting body, claws 1, carnivore, cold resistance 1, negative energy
resistance 3, inhibited regeneration, torment resistance, unbreathing
a: Curse Item, Scrying, Renounce Religion


You were on level 3 of the Lair of Beasts.
You worshipped Ashenzari.
Ashenzari was most pleased with you.
You were not hungry.

You visited 3 branches of the dungeon, and saw 16 of its levels.

You collected 796 gold pieces.
You spent 420 gold pieces at shops.

Inventory:

Hand Weapons
 a - a +1 short sword of venom (weapon)
 b - a +2 dagger of draining
 F - a +3 short sword of freezing
 Q - a +4 dagger of flaming
Armour
 i - a +2 scale mail of cold resistance (worn)
 s - a +0 hat of see invisible (worn)
 u - a +0 pair of gloves (worn)
 I - a +0 cloak (worn)
 T - a +1 leather armour of fire resistance
Jewellery
 d - an uncursed ring of ice
 r - an uncursed ring of wizardry
 t - the ring "Zuxtutal" {rC+ Int+3}
   (You found it on level 9 of the Dungeon)

   [ring of intelligence]

   It affects your intelligence (+3).
   It protects you from cold.
 y - a +3 ring of dexterity (right hand)
 G - the ring of the Vendetta {rElec rPois MR+ Int-5 Stlth+}
   (You found it on level 5 of the Dungeon)

   [ring of protection from magic]

   It affects your intelligence (-5).
   It insulates you from electricity.
   It protects you from poison.
   It affects your resistance to hostile enchantments.
   It makes you more stealthy.
 J - a ring of resist corrosion (left hand)
Wands
 g - a wand of scattershot (6)
 o - a wand of polymorph (10)
 M - a wand of iceblast (3)
Scrolls
 e - 9 scrolls of remove curse
 h - a scroll of silence {unknown}
 j - 3 scrolls of teleportation {unknown}
 k - 3 scrolls of fog
 l - 3 scrolls of blinking {unknown}
 w - 5 scrolls of enchant armour
 C - 4 scrolls of magic mapping {unknown}
 K - 2 scrolls of fear {unknown}
Potions
 c - 2 potions of agility
 n - 2 potions of haste
 p - 5 potions of curing
 x - 5 potions of flight
 B - a potion of resistance
Books
 q - a manual of
Armour
 W - a manual of Stealth
Comestibles
 f - 24 rations


   Skills:
 + Level 9.5 Fighting
 * Level 11.0 Short Blades
 - Level 1.7 Throwing
 + Level 10.5 Armour
 * Level 11.0 Dodging
 + Level 9.2 Stealth
 - Level 5.0 Evocations


You had 12 spell levels left.
You didn't know any spells.
Your spell library contained the following spells:

 Spells                   Type           Power        Failure   Level  Hunger
 Poisonous Vapours        Pois/Air       #.....       91%         2    ###....
 Conjure Flame            Conj/Fire      #.......     99%         3    ####...
 Mephitic Cloud           Conj/Pois/Air  #.......     99%         3    ####...
 Freezing Cloud           Conj/Ice/Air   #.........   100%        6    #######
 Ring of Flames           Chrm/Fire      #.........   100%        7    #######


Dungeon Overview and Level Annotations

Branches:
Dungeon (12/15)            Temple (1/1) D:4            Lair (3/6) D:10
 Shoals (0/4) Lair:2        Snake (0/4) Lair:2          Orc (0/2) D:11

Altars:
Ashenzari
Cheibriados
Dithmenos
Elyvilon
Fedhas
Gozag
Hepliaklqana
Kikubaaqudgha
Makhleb
Nemelex Xobeh
Okawaru
Qazlal
Ru
Sif Muna
Trog
Uskayaw
Vehumet
Wu Jian
Xom
Yredelemnul
Zin
The Shining One

Shops:
D:5 }   D:9 *

Annotations:
D:12 3 runed translucent doors, sdfsdf's ghost, journeyman DDFi


Innate Abilities, Weirdness & Mutations

Your body is rotting away.
You thrive on raw meat.
You are immune to poison.
You have sharp fingernails.
You are carnivorous and can eat meat at any time.
Your flesh is cold resistant. (rC+)
You are immune to negative energy. (rN+++)
You do not regenerate when monsters are visible.
You are immune to unholy pain and torment.
You can survive without breathing.


Message History

The wolf is moderately wounded.
The wolf bites you but does no damage. The wolf bites you.
* * * LOW HITPOINT WARNING * * *
You hit the wolf.
The wolf is heavily wounded.
The wolf bites you but does no damage. The spiny frog closely misses you.
The wolf barely misses you.
You barely miss the wolf.
The wolf is heavily wounded.
The wolf bites you but does no damage. The wolf bites you.
* * * LOW HITPOINT WARNING * * *
The spiny frog closely misses you.
You hit the wolf.
The wolf looks as sick as possible!
The wolf is heavily wounded.
The wolf closely misses you. x2
Okay, then.
You fade into invisibility!
The wolf bites you but does no damage. The spiny frog completely misses you.
The wolf misses you. The wolf closely misses you. The spiny frog stings you!
You die...

##..P######### P
#...# #######*#
#..#####..##.###
#...............
##...............
#...#.P.##.......
##.######........
##h..# #.....###
#@h.## ##...##
##F.## ##...P#
#....## #....P#
##P.###P##.....#
##...........##
#.#####.#.#.P###
##.# #####.....
#P.# ##..... #..#
#......


You could see a spiny frog and 2 wolves.

Vanquished Creatures
  Gastronok (Lair:1)
  Kirke (D:12)
  Fannar (Lair:1)
  4 hydras
  3 death yaks (Lair:2)
  2 two-headed ogres
  3 unseen horrors (D:12)
  Pikel (D:4)
  A cyclops (D:9)
  2 ugly things
  An oklob plant (Lair:1)
  A merfolk siren (Lair:2)
  A gargoyle (D:11)
  3 spiny frogs
  2 rime drakes (Lair:3)
  5 komodo dragons
  5 trolls
  A hornet (D:9)
  A merfolk (D:11)
  7 hippogriffs
  Sigmund (D:5)
  A wraith (D:12)
  3 basilisks
  2 hogs (D:12)
  Eustachio (D:4)
  Grum (D:9)
  Menkaure (D:7)
  A soldier ant (D:10)
  2 nagas
  2 porcupines
  A water moccasin (D:10)
  4 orc warriors
  3 black bears
  2 sky beasts
  3 slaves (D:5)
  2 phantoms
  An ice beast (D:5)
  8 ogres
  2 necrophages
  4 centaurs
  6 wolves
  5 crocodiles
  2 big kobolds (D:10)
  12 bullfrogs
  A water moccasin zombie (D:7)
  3 scorpions
  A water moccasin skeleton (D:8)
  9 killer bees (D:9)
  12 wights
  5 howler monkeys
  4 crimson imps
  3 hounds
  Crazy Yiuf (D:6)
  2 bullfrog zombies
  4 centaur zombies
  5 jellies
  A centaur skeleton (D:8)
  4 orc priests
  2 bullfrog skeletons
  Terence (D:3)
  Jessica (D:2)
  Ijyb (D:5)
  8 iguanas
  15 orc wizards
  14 worker ants
  Robin (D:2)
  A gnoll (D:1)
  14 adders
  An ooze (D:5)
  3 adder skeletons
  2 worms
  11 dart slugs
  6 leopard geckos
  44 orcs
  2 ball pythons
  8 giant cockroaches
  12 goblins
  6 hobgoblins
  19 jackals
  4 quokkas
  10 bats
  10 frilled lizards
  15 kobolds
  A leopard gecko skeleton (D:5)
  A leopard gecko zombie (D:6)
  A quokka skeleton (D:7)
  7 rats
  A plant (Lair:1)
393 creatures vanquished.

Vanquished Creatures (others)
  A fungus (Lair:3)
1 creature vanquished.

Grand Total: 394 creatures vanquished

Notes
Turn   | Place    | Note
-------+----------+-------------------------------------------
     0 | D:1      | Borgoz the Ghoul Gladiator began the quest for the Orb.
     0 | D:1      | Reached XP level 1. HP: 17/17 MP: 0/0
   205 | D:1      | Reached XP level 2. HP: 23/24 MP: 1/1
   238 | D:1      | Reached XP level 3. HP: 15/29 MP: 2/2
   401 | D:1      | Reached skill level 1 in Stealth
   578 | D:2      | Noticed Robin
   867 | D:1      | Reached XP level 4. HP: 18/37 MP: 3/3
   960 | D:2      | Killed Robin
  1137 | D:2      | Noticed Jessica
  1142 | D:2      | Killed Jessica
  1142 | D:2      | Reached skill level 1 in Armour
  1189 | D:2      | Noticed a sky beast
  1210 | D:2      | Killed a sky beast
  1210 | D:2      | Reached XP level 5. HP: 37/45 MP: 4/4
  1282 | D:2      | Noticed an ogre
  1294 | D:2      | Killed an ogre
  1294 | D:2      | Reached XP level 6. HP: 51/51 MP: 5/5
  1727 | D:2      | Found a burning altar of Makhleb.
  1737 | D:2      | Found a bloodstained altar of Trog.
  2171 | D:3      | Found a faded altar of an unknown god.
  2256 | D:3      | Noticed Terence
  2277 | D:3      | Killed Terence
  2436 | D:3      | Reached XP level 7. HP: 49/57 MP: 6/6
  2715 | D:3      | Found a sparkling altar of Nemelex Xobeh.
  2716 | D:3      | Found an opulent altar of Gozag.
  3476 | D:4      | Found a staircase to the Ecumenical Temple.
  3532 | Temple   | Entered the Ecumenical Temple
  3601 | Temple   | Became a worshipper of Ashenzari the Shackled
  3806 | D:4      | Noticed Eustachio
  3825 | D:4      | Killed Eustachio
  3843 | D:4      | Reached skill level 5 in Dodging
  4037 | D:5      | Entered Level 5 of the Dungeon
  4114 | D:5      | Noticed Sigmund
  4123 | D:5      | Killed Sigmund
  4123 | D:5      | Reached skill level 5 in Short Blades
  4123 | D:5      | Reached XP level 8. HP: 61/67 MP: 7/7
  4353 | D:5      | Noticed Ijyb
  4366 | D:5      | Killed Ijyb
  4451 | D:5      | Found Ydoid's Gadget Boutique.
  4641 | D:5      | Noticed Pikel
  4659 | D:5      | Reached skill level 1 in Evocations
  4790 | D:4      | Killed Pikel
  4985 | D:5      | Reached skill level 5 in Fighting
  5123 | D:5      | Reached XP level 9. HP: 60/70 MP: 9/9
  5430 | D:5      | Identified the ring of the Vendetta {rElec rPois MR+ Int-5
                  | Stlth+}
  5671 | D:6      | Found a transporter.
  5683 | D:6      | Noticed a seven-headed hydra
  5685 | D:6      | Found a glowing golden altar of the Shining One.
  5810 | D:6      | Found a transporter.
  5867 | D:6      | Found a hazy altar of Hepliaklqana.
  6030 | D:6      | Reached * piety under Ashenzari
  6485 | D:6      | Found a runed translucent door.
  6486 | D:6      | Noticed Crazy Yiuf
  6779 | D:6      | Killed Crazy Yiuf
  6841 | D:7      | Reached skill level 5 in Armour
  7706 | D:7      | Found an ancient bone altar of Kikubaaqudgha.
  7769 | D:7      | Found a blossoming altar of Fedhas.
  7810 | D:7      | Noticed Menkaure
  7828 | D:7      | Killed Menkaure
  8288 | D:8      | Reached XP level 10. HP: 74/82 MP: 11/11
  8838 | D:8      | Noticed a two-headed ogre
  8862 | D:8      | Killed a two-headed ogre
  9173 | D:9      | Noticed Grum
  9185 | D:9      | Killed Grum
  9271 | D:9      | Reached ** piety under Ashenzari
  9848 | D:9      | Noticed a seven-headed hydra
  9864 | D:9      | Killed a seven-headed hydra
  9864 | D:9      | Reached XP level 11. HP: 10/91 MP: 13/13
 10051 | D:9      | Found Mazxirgha's Assorted Antiques.
 10073 | D:9      | Bought a faintly glowing leather armour for 245 gold pieces
 10195 | D:9      | Noticed a cyclops
 10211 | D:9      | Killed a cyclops
 10707 | D:9      | Found an ornate altar of the Wu Jian Council.
 10768 | D:9      | Identified the ring "Zuxtutal" {rC+ Int+3}
 10819 | D:9      | Identified the ring of Suspicion {rPois rN++}
 10967 | D:10     | Entered Level 10 of the Dungeon
 11034 | D:9      | Bought a dented bronze amulet for 175 gold pieces
 11330 | D:10     | Found a staircase to the Lair.
 11346 | D:10     | Noticed a two-headed ogre
 11580 | D:9      | Killed a two-headed ogre
 12865 | D:11     | Reached skill level 5 in Evocations
 12898 | D:11     | Noticed a brown ugly thing
 12921 | D:11     | Killed a brown ugly thing
 13188 | D:11     | HP: 1/93 [ogre/+0 giant spiked club (8)]
 13627 | D:11     | Found a staircase to the Orcish Mines.
 15242 | D:12     | Reached XP level 12. HP: 98/100 MP: 14/14
 15696 | D:12     | Reached skill level 5 in Stealth
 16306 | D:12     | Noticed sdfsdf's ghost (journeyman DDFi)
 16307 | D:12     | Identified the ring of the Present {Fire *Drain rN+ Dex+8}
 16325 | D:12     | Found a runed translucent gate.
 16325 | D:12     | Found a runed translucent gate.
 16325 | D:12     | Found a runed translucent gate.
 16656 | D:12     | Noticed Kirke
 16681 | D:12     | Noticed a sphinx
 16703 | D:12     | Killed Kirke
 16703 | D:12     | Reached skill level 10 in Short Blades
 16703 | D:12     | Reached skill level 10 in Dodging
 17418 | D:6      | Killed a seven-headed hydra
 17547 | Lair:1   | Entered Level 1 of the Lair of Beasts
 17767 | Lair:1   | Noticed a six-headed hydra
 17776 | Lair:1   | Killed a six-headed hydra
 18594 | Lair:1   | Noticed Fannar
 18644 | Lair:1   | Killed Fannar
 19576 | Lair:2   | Noticed a five-headed hydra
 19584 | Lair:2   | Killed a five-headed hydra
 19584 | Lair:2   | Reached skill level 10 in Armour
 19584 | Lair:2   | Reached XP level 13. HP: 110/111 MP: 15/15
 19587 | Lair:2   | Noticed Gastronok
 19899 | Lair:1   | Killed Gastronok
 20060 | Lair:2   | Found a staircase to the Snake Pit.
 20133 | Lair:2   | Reached *** piety under Ashenzari
 20372 | Lair:2   | Found a staircase to the Shoals.
 21465 | Lair:3   | Slain by a spiny frog

Skill      XL: |  1  2  3  4  5  6  7  8  9 10 11 12 13 |
---------------+----------------------------------------+-----
Short Blades   | 3 4 5 7 8 9 10 11 | 11.0
Dodging        | 3 4 5 6 7 8 9 10 11 | 11.0
Stealth        | 1 2 3 4 8 9 |  9.2
Armour         | 1 2 3 4 5 7 8 10 | 10.5
Fighting       | 3 4 5 6 7 9 |  9.5
Evocations     | 2 3 4 5 |  5.0
Throwing       | |  1.7

Action                   |  1- 3 |  4- 6 |  7- 9 | 10-12 | 13-15 || total
-------------------------+-------+-------+-------+-------+-------++-------
Melee: Rapier            |   131 |   225 |    63 |       |       ||   419
       Short sword       |       |       |   511 |  1532 |   207 ||  2250
       Dagger            |       |       |     9 |       |       ||     9
Throw: Throwing net      |     2 |     2 |     1 |     1 |       ||     6
       Tomahawk          |       |       |       |     1 |       ||     1
Evoke: Wand              |       |       |       |    19 |     5 ||    24
  Use: Potion            |     2 |       |     3 |     5 |     4 ||    14
       Scroll            |       |     8 |     2 |     9 |       ||    19
 Stab: Held in net/web   |       |       |     1 |       |       ||     1
       Invisible         |       |       |       |     4 |       ||     4
       Distracted        |       |       |       |     1 |       ||     1
       Sleeping          |       |       |       |     1 |     1 ||     2
  Eat: Chunk             |     4 |     6 |    21 |    75 |    12 ||   118
       Ration            |       |       |     1 |     1 |       ||     2
Armor: Ring mail         |    18 |       |       |       |       ||    18
       Leather armour    |     2 |       |       |       |       ||     2
       Scale mail        |    37 |    96 |   182 |   492 |    66 ||   873
Dodge: Dodged            |    83 |   123 |   331 |   982 |   171 ||  1690
